Map: Acropolis LE

Players

Ziggy

  • Race: Terran Terran
  • Spawn Location: 11:00

Bly - Winner!

  • Race: Zerg Zerg
  • Spawn Location: 5:00

Event: 2019 WCS Summer

VOD

Have the link to the VOD?

Description

Time

  • Played on: July 12, 2019, 10:59 a.m.
  • Length: 17:25

All games in this series

Show
View Real Time Build Order
Export as new Build Order

Ziggy Terran 

Build Orders: Reaper Expand 

Get SALT Encoding   

  12  0:00  SCV  
  13  0:12  SCV  
  14  0:17  Supply Depot  
  14  0:25  SCV  
  15  0:38  SCV  
  15  0:40  Barracks  
  16  0:42  Refinery  
  16  0:50  SCV  
  17  1:02  SCV  
  18  1:15  SCV  
  19  1:27  Reaper  
  19  1:28  Orbital Command  
  20  1:43  Command Center  
  20  1:54  Barracks  
  20  1:56  SCV  
  20  1:59  Barracks Reactor  
  21  2:08  SCV  
  21  2:10  Supply Depot  
  22  2:17  Refinery  
  22  2:21  SCV  
  23  2:30  Factory  
  23  2:33  SCV  
  24  2:37  Marine  
  24  2:38  Marine  
  24  2:41  Barracks Tech Lab  
  26  2:45  SCV  
  27  2:55  Marine x2  
  29  2:58  SCV  
  29  3:00  Orbital Command  
  29  3:07  Stimpack  
  29  3:09  Marine  
  29  3:12  SCV  
  31  3:15  Marine  
  31  3:17  Marine  
  33  3:26  Factory Reactor, Starport  
  33  3:30  SCV  
  33  3:31  Marine  
  33  3:33  Marine  
  36  3:36  Marine  
  36  3:39  SCV  
  38  3:42  SCV  
  38  3:47  Supply Depot  
  39  3:49  Marine  
  39  3:51  SCV  
  39  3:54  Marine  
  39  3:55  Marine  
  43  3:57  SCV  
  44  4:02  Supply Depot  
  44  4:03  SCV  
  44  4:09  SCV, Medivac x2  
  50  4:15  SCV  
  50  4:16  Marine x2  
  48  4:22  Factory Tech Lab  
  48  4:26  SCV, Supply Depot  
  48  4:27  SCV  
  48  4:29  Marine  
  51  4:34  Marine x2  
  51  4:38  SCV  
  54  4:39  SCV  
  54  4:41  Siege Tank  
  58  4:47  Barracks  
  58  4:50  SCV  
  59  4:52  Medivac  
  59  4:54  SCV  
  62  5:01  Supply Depot  
  62  5:02  SCV  
  62  5:06  SCV  
  64  5:10  Refinery  
  64  5:12  Combat Shield, Engineering Bay, Supply Depot  
  64  5:13  Marine x3  
  67  5:17  SCV  
  67  5:18  SCV  
  69  5:25  Starport Reactor  
  69  5:29  SCV  
  69  5:31  Marine  
  69  5:32  Marine  
  72  5:35  Marine x2  
  72  5:36  Marine  
  72  5:38  Siege Tank  
  72  5:42  Refinery  
  78  5:48  Supply Depot  
  78  5:49  Marine x2, Supply Depot  
  79  5:53  Marine  
  79  5:55  Marine x2  
  83  6:02  Medivac x2  
  83  6:07  Marine x2  
  83  6:09  SCV  
  86  6:11  Marine  
  86  6:15  Barracks  
  86  6:16  SCV  
  88  6:21  SCV  
  88  6:23  Marine x2  
  88  6:25  Siege Tank, Marine  
  92  6:28  SCV  
  93  6:33  SCV  
  93  6:35  Medivac  
  93  6:36  Medivac  
  98  6:45  Marine x2  
  100  6:50  Barracks  
  100  6:51  Barracks  
  100  6:52  Liberator  
  100  6:58  Supply Depot  
  100  6:59  Marine x2  
  102  7:02  Liberator  
  102  7:04  Siege Tank, Barracks Tech Lab, Supply Depot  
  111  7:27  Marine x3  
  111  7:28  Marauder x2  
  116  7:30  Marine  
  117  7:39  Marine x2  
  117  7:43  Siege Tank  
  122  7:47  Marine  
  122  7:48  Marine x2  
  125  7:53  Supply Depot  
  125  7:55  Marine  
  125  7:56  Supply Depot  
  126  8:04  Marine  
  126  8:05  Marine  
  126  8:06  Marine  
  126  8:11  Marauder x2  
  126  8:14  Marine x3  
  129  8:22  Marine x2  
  129  8:24  Marine  
  132  8:31  Marine  
  132  8:32  Marine x3  
  134  8:35  Marine  
  134  8:39  Supply Depot  
  134  8:40  Marine, Supply Depot  
  134  8:42  Supply Depot x2  
  134  8:46  Marine x2  
  132  8:50  Marauder, Marine  
  134  9:00  Marine x4  
  138  9:04  Marine x2  
  138  9:07  Marine, Medivac x2  
  145  9:11  Marine  
  146  9:18  Marine x2  
  148  9:28  Marine x2  
  148  9:29  Marauder  
  152  9:31  Siege Tank  
  152  9:33  Barracks Reactor, Barracks Tech Lab  
  155  9:43  Medivac x2  
  159  9:58  Marine x3  
  159  9:59  Marine x2, Marauder  
  164  10:05  Marauder  
  162  10:10  Marine  
  159  10:16  Marine  
  159  10:18  Marauder  
  159  10:20  Marauder  
  164  10:25  Marine x2  
  164  10:27  Marauder  
  158  10:41  Marauder, Marine x2  
  140  10:44  Marine  
  140  10:45  Marauder  
  140  10:46  Marine x3  
  140  10:47  Siege Tank, Marine  
  127  10:53  Liberator x2  
  118  10:58  Marine  
  118  10:59  Concussive Shells, Marine  
  118  11:02  Marine  
  118  11:03  Marauder  
  118  11:04  Marine x3  
  123  11:06  Marauder x2  
  136  11:16  Marine x2  
  129  11:20  Marine  
  129  11:22  Marine x3  
  129  11:24  Marine  
  121  11:27  Marine x2  
  123  11:34  Marine x2  
  123  11:37  Marine  
  123  11:39  Marine  
  126  11:40  Marine x2  
  126  11:41  Marine  
  126  11:42  Liberator x2  
  126  11:44  Marine  
  126  11:45  Marine  
  132  11:52  Marine  
  132  11:53  Marine  
  133  11:55  Marine  
  140  12:04  Marine  
  141  12:12  Marine x2  
  141  12:13  Marauder  
  140  12:21  Marauder, Marine  
  120  12:27  Marine x2  
  119  12:50  Orbital Command  
  119  12:54  Marine  
  119  12:55  Marauder  
  122  13:02  Siege Tank  
  125  13:15  Terran Infantry Weapons Level 1  
  119  13:22  Liberator x2  
  119  13:31  Marine  
  119  13:32  Marauder, Marine  
  120  13:35  Siege Tank  
  129  13:52  Marine x5  
  129  13:53  Marauder x3  
  140  14:00  Marine  
  115  14:10  Marine  
  115  14:14  Marauder x2  
  114  14:21  Marauder, Marine x2  
  114  14:22  Marine x3  
  88  14:34  Marine  
  88  14:35  Marine  
  88  14:36  SCV  
  83  14:44  SCV  
  84  14:52  SCV  
  85  14:59  Marine x2  
  87  15:01  SCV  
  87  15:06  Marine x2  
  87  15:07  Marine  
  91  15:14  Marine x2  
  91  15:15  Marauder  
  91  15:16  Marine  
  91  15:18  SCV x2  
  98  15:26  Marine x2  
  90  15:30  SCV  
  90  15:31  Marine  
  90  15:33  Marauder  
  90  15:34  Marauder, SCV  
  94  15:42  Marine, SCV  
  93  15:43  Marauder  
  93  15:46  Marine x2  
  93  15:47  SCV  
  97  15:54  Marauder, SCV  
  100  15:57  Siege Tank  
  100  15:59  SCV  
  104  16:06  SCV  
  105  16:12  Marauder, Marine  
  105  16:14  Marine x2  
  105  16:15  Marauder  
  112  16:19  Marine x3  
  112  16:20  Marauder  
  116  16:34  Marine  
  116  16:35  Marauder  
  113  16:42  Marine x4  
  113  16:43  Marine, Marauder x2  
  107  16:52  Marine  
  100  16:56  Marauder  
  100  17:00  Marine x2  
Show
View Real Time Build Order
Export as new Build Order

Bly Zerg - Winner!

Build Orders: Hatch First 

Get SALT Encoding   

  12  0:02  Drone  
  13  0:14  Overlord  
  13  0:20  Drone  
  14  0:32  Drone x2  
  16  0:48  Hatchery  
  15  0:55  Drone x2  
  17  1:02  Drone  
  18  1:09  Extractor  
  17  1:17  Drone, Spawning Pool  
  17  1:20  Drone  
  18  1:29  Drone  
  19  1:40  Drone  
  20  1:54  Overlord  
  20  2:04  Zergling x4  
  20  2:06  Queen  
  20  2:07  Queen  
  26  2:18  Drone  
  26  2:19  Drone  
  28  2:24  Metabolic Boost  
  28  2:29  Drone  
  29  2:33  Drone  
  29  2:34  Drone x2  
  32  2:42  Queen  
  33  2:59  Overlord  
  33  3:06  Drone x2  
  33  3:09  Hatchery  
  33  3:10  Drone  
  35  3:18  Queen  
  37  3:23  Overlord  
  37  3:31  Zergling x12  
  43  3:37  Evolution Chamber  
  43  3:41  Overlord  
  42  3:43  Drone x2  
  44  3:50  Drone  
  45  3:55  Drone x3  
  45  3:56  Drone  
  48  4:04  Zerg Ground Armor Level 1  
  48  4:06  Overlord  
  48  4:15  Zergling x6  
  48  4:16  Zergling x4  
  50  4:21  Drone x2  
  50  4:22  Drone x2  
  50  4:24  Queen  
  53  4:34  Overlord  
  53  4:38  Baneling Nest  
  53  4:41  Zergling x12  
  58  4:57  Zergling x14  
  65  5:03  Extractor  
  64  5:07  Zergling x4  
  64  5:08  Zergling x12  
  64  5:13  Overlord  
  72  5:21  Drone x2  
  74  5:29  Baneling x5  
  74  5:33  Drone x3  
  74  5:34  Drone x2  
  75  5:43  Evolution Chamber  
  75  5:44  Drone x7  
  75  5:45  Overlord  
  81  5:50  Lair  
  81  5:54  Zergling x2  
  81  5:56  Overlord  
  82  6:01  Overlord  
  79  6:22  Zergling x28, Hatchery  
  90  6:39  Drone x7  
  97  6:41  Zerg Melee Weapons Level 1  
  97  6:43  Baneling x9  
  96  6:54  Overseer, Extractor  
  95  7:02  Extractor  
  95  7:03  Extractor  
  95  7:06  Zergling x24  
  105  7:11  Overlord  
  105  7:12  Hatchery  
  104  7:16  Baneling x6  
  104  7:18  Overlord  
  104  7:19  Overlord  
  104  7:20  Overlord  
  100  7:34  Overlord  
  97  7:46  Overlord  
  97  7:53  Overlord  
  97  7:54  Zergling x22  
  97  7:58  Spore Crawler  
  104  8:10  Zergling x16  
  111  8:13  Baneling x4  
  111  8:14  Baneling x2, Hatchery  
  111  8:17  Zergling x6  
  111  8:19  Baneling x11  
  113  8:23  Zergling x2  
  103  8:40  Zergling x28  
  110  8:47  Drone x3  
  107  9:04  Drone x7  
  107  9:07  Zergling x6  
  107  9:08  Zergling x10  
  122  9:12  Queen x2  
  126  9:22  Zergling x12  
  129  9:31  Zergling x6  
  129  9:32  Zergling x8  
  129  9:35  Zerg Ground Armor Level 2  
  129  9:36  Zerg Melee Weapons Level 2  
  136  9:43  Zergling x18  
  145  9:49  Zergling x14  
  151  10:05  Zergling x28  
  143  10:10  Zergling x4, Drone  
  133  10:25  Zergling x10  
  137  10:34  Zergling x16  
  135  10:42  Zergling x6  
  125  10:45  Zergling x2  
  125  10:46  Zergling x8, Centrifical Hooks  
  106  10:52  Zergling x4  
  106  10:57  Baneling x10  
  95  10:58  Zergling x8  
  95  11:04  Zergling x2  
  99  11:09  Zergling x8  
  99  11:10  Baneling x10  
  103  11:18  Zergling x8  
  98  11:21  Zergling x2  
  88  11:25  Zergling x2  
  88  11:26  Zergling x2  
  88  11:27  Baneling x6  
  88  11:28  Baneling x4  
  88  11:30  Zergling x8  
  94  11:34  Zergling x4  
  94  11:39  Zergling x2  
  98  11:40  Zergling x6  
  94  11:58  Zergling x14  
  94  11:59  Zergling x2  
  101  12:04  Zergling x6  
  92  12:17  Zergling x2  
  92  12:18  Zergling x10  
  82  12:24  Zergling x8  
  77  12:30  Queen x5  
  77  12:33  Baneling  
  77  12:34  Baneling x5  
  77  12:35  Zergling x10  
  90  12:44  Zergling x4  
  94  12:55  Zergling x6  
  93  13:00  Zergling x4  
  93  13:02  Baneling x8  
  88  13:05  Queen  
  88  13:09  Zergling x4  
  85  13:17  Zergling x6  
  85  13:19  Spore Crawler  
  84  13:24  Zergling x2  
  84  13:26  Baneling x5  
  84  13:32  Burrow  
  84  13:37  Zergling x12  
  90  13:42  Zergling x2  
  90  13:51  Zergling x8  
  94  14:00  Zergling x2  
  94  14:01  Zergling x8  
  88  14:13  Zergling x10  
  83  14:25  Zergling x14  
  81  14:32  Zergling x10  
  81  14:44  Drone x5  
  86  14:49  Zergling x2  
  85  15:03  Spire  
  80  15:18  Zergling x2  
  80  15:19  Zergling x30  
  86  15:29  Zergling x10  
  86  15:35  Zergling x8  
  81  15:46  Baneling x2  
  81  15:47  Baneling x4  
  80  15:51  Zergling x16  
  85  16:14  Zergling x10  
  85  16:15  Zergling x18  
  99  16:21  Baneling x10  
  99  16:22  Drone  
  97  16:38  Zergling x18  
  99  16:47  Zergling x10  
  103  16:57  Baneling x6  
  93  17:03  Drone x7  
Tags
 
Add a new tag
Caveats
  • Supply blocks, unpowered buildings, or Contaminate may cause inaccurate times.
  • Supply counts are checked every 10 seconds.